[Event "25th Nepal Championship 2025"]
[Site "Hetauda"]
[Date "2025.01.29"]
[Round "6.6"]
[White "Rai, Dhiren"]
[Black "Jaiswal, Rupesh"]
[Result "0-1"]
[Annotator "TA"]
[ECO "E60"]
[WhiteElo "1878"]
[BlackElo "2093"]
[PlyCount "100"]
[EventDate "2025.01.24"]
[EventType "tourn"]
[EventCountry "NEP"]
[SourceTitle "playchess.com"]
[Source "ChessBase"]
[SourceQuality "1"]
[TimeControl "5400+30"]

1. d4 Nf6 2. c4 g6 3. e3 Bg7 4. Nf3 c5 5. Bd3 O-O 6. d5 {[%emt 0:04:08] E60: King's Indian: Unusual lines and Fianchetto Variation without Nc3.} d6 7. O-O e6 8. e4 {[%emt 0:00:16] White has an edge.} a6 9. Nc3 exd5 10. exd5 Bg4 11. h3 Bxf3 12. Qxf3 Nbd7 13. Qd1 $146 (13. Bf4 Ne5 14. Bxe5 dxe5 15. Rfe1 e4 16. Bxe4 Nxe4 17. Qxe4 Qd6 18. Qe7 Qf4 19. Qe3 Qxc4 {1-0 Vermeulen,A (1307)-Goti,J (1287) FICGS class E 000162 email 2013 (1)}) 13... Re8 14. Bd2 Qc7 15. a4 Re7 16. Kh2 Ne8 17. g4 Bd4 18. f4 Ng7 19. Qc2 Rae8 20. Rf3 Qd8 21. Ne4 (21. Rg3 $14) 21... Nf6 (21... f5 $1 $15 22. gxf5 (22. Nxd6 $2 Re2+ 23. Kh1 fxg4 $19) 22... Nxf5) 22. Ng3 $11 Nd7 (22... Qd7 $11 {keeps the balance.}) 23. Raf1 $16 Be3 (23... h5 $16 {was called for.}) 24. Bc3 (24. f5 $1 $18 ) 24... Bd4 $14 25. Bxd4 cxd4 26. Ne4 Qc7 27. b4 ({White should try} 27. f5 $14) 27... f5 {[%emt 0:04:48] [#]} 28. Nxd6 Qxd6 $17 29. c5 {[%emt 0:14:33] [#]} Qf6 (29... Qxd5 $2 30. Bc4 $18) 30. g5 Qf8 (30... Qf7 $17 31. a5 Nb8 (31... Qxd5 $2 32. Bc4 $18)) 31. Qc4 $15 {[%emt 0:00:00] [#]} Re4 $1 32. a5 {[%emt 0:00:00][%cal Of3f2] [#]} (32. R3f2 Qe7) 32... Rc8 33. R3f2 $11 Nxc5 34. bxc5 Qxc5 (34... Rxc5 35. Qa4 Re8 36. Rb1 $14) 35. Qb3 Rd8 36. Qxb7 Kh8 $2 37. Rc2 (37. Bxa6 Qxa5 38. Bb5 Re3 $17) (37. Qxa6 Ree8 $16) 37... Qd6 (37... Re7 38. Rxc5 (38. Qxa6 Qxd5 39. Bc4 Qc5 $16) 38... Rxb7 39. Bxa6 Rb2+ 40. Kg1 h6) 38. Bxe4 $18 (38. Bxa6 Rxf4 39. Kg2 Re8 $11) 38... fxe4 39. Rc7 Rg8 40. Re7 (40. Qc6 $142 Qb4 41. Rxg7 (41. Qxa6 Qd2+ 42. Kg1 Qe3+ 43. Kg2 Nh5 $18) 41... Qb2+ (41... Qd2+ $2 42. Kh1 $18) 42. Kg3 Rxg7 43. Qe8+ (43. Qxa6 Qb3+ 44. Kg2 Qxd5 $14) 43... Rg8 44. Qe5+ (44. Qxe4 h6 $18) 44... Rg7 45. d6 (45. Qxe4 Rb7 $18)) 40... Qa3 (40... e3 41. Re5 Qc5) 41. d6 (41. Rxe4 Nf5 $11) (41. Rxg7 $142 Rxg7 42. Qb8+ (42. Qxa6 Qb2+ 43. Kg1 Qc3 $16) 42... Rg8 43. Qe5+ Rg7 44. d6 (44. Qxd4 Kg8 $18) (44. Qxe4 Rb7 $18) 44... Qb2+ 45. Kg3 (45. Kg1 Qc3 $18) 45... Qb3+ 46. Kg4) 41... Qd3 (41... Qxd6 $142 42. Qxe4 d3) 42. Rf2 {[%emt 0:00:29][%cal Oe7g7] Intending Rxg7! and mate.} e3 43. Rg2 (43. Rxg7 $142 Rxg7 44. d7 Rg8 45. Qd5 Rf8 46. d8=Q (46. d8=R Qf5 $18) 46... Rxd8 47. Qxd8+ Kg7 48. Rb2 Qd2+ 49. Rxd2) 43... Qf5 44. Rf7 (44. Qxa6 Qxf4+ 45. Kg1 Nf5 $16) 44... Qe6 45. Rf6 (45. Rc2 $142 Qe8 46. Rcc7) 45... Qe8 46. Qe7 $2 (46. Qxa6 $18 Qa4 47. Qd3) 46... Qxe7 $16 47. dxe7 {[%emt 0:00:02][%cal Of6f8] White has a king side majority} Nf5 48. Re6 (48. Rxa6 $16 {Hoping for Re6.} d3 49. Re6) 48... Re8 $11 {[%emt 0:00:01] ...d3 would now be deadly. The board is on fire.} 49. Kg1 $2 (49. Rxa6 d3 50. Re6 d2 $19) (49. Re2 $1 $11 {and White stays safe.}) 49... d3 {[%emt 0:00:21] ( -> ...d2)} 50. Kf1 (50. Rxa6 $2 {perishes.} d2 (50... Rxe7 $2 51. Rb6 $19) 51. Kh2 d1=Q $19 (51... d1=B 52. Re6 $15)) (50. Rxe3 {was forced.} Nxe3 51. Rd2) 50... d2 {[%emt 0:00:16] Weighted Error Value: White=0.84/Black=0.77  Loses game:     	White=1     	Black=1      Mistake:       	White=8     	Black=8      Inaccurate:     	White=1     	Black=5      OK:         	White=9     	Black=12     Best:        	White=3     	Black=3} ({Less strong is} 50... Rxe7 51. Rxe7 Nxe7 52. Rb2 $17) 0-1

[Event "25th Nepal Championship 2025"]
[Site "Hetauda"]
[Date "2025.01.29"]
[Round "7.1"]
[White "Jaiswal, Rupesh"]
[Black "Silwal, Purushottam"]
[Result "1/2-1/2"]
[Annotator "TA"]
[ECO "A45"]
[WhiteElo "2093"]
[BlackElo "2045"]
[PlyCount "41"]
[EventDate "2025.01.24"]
[EventType "tourn"]
[EventCountry "NEP"]
[SourceTitle "playchess.com"]
[Source "ChessBase"]
[SourceQuality "1"]
[TimeControl "5400+30"]

1. d4 Nf6 2. Bf4 c5 3. dxc5 Qa5+ 4. c3 Qxc5 5. Nf3 Nc6 6. e3 {[%emt 0:01:25] A45: Trompowsky Attack.} a5 $146 (6... e5 $11 7. Bg3 d6) (6... e5 7. Bg3 a5 8. Nbd2 a4 9. Be2 d6 10. Qc2 Be7 11. O-O O-O 12. h3 Re8 {1-0 Alvarado Quintero,L (1826)-Rojas Rojas,S (1810) Bogota Rapid op 2024 (3)}) 7. Na3 {[%emt 0:02:01] [#]} d6 (7... e5 $14 8. Bg5 Be7) 8. Nb5 ({White should try} 8. e4 $16) 8... Qb6 ({Better is} 8... Na7 $14 9. Qd4 Nxb5 10. Qxc5 dxc5 11. Bxb5+ Bd7) 9. Qb3 $16 {[%emt 0:01:16][%cal Ob5d6] White is more active.} Qd8 10. Bc4 e5 11. Bg5 a4 ({Wrong is} 11... d5 $2 12. Bxd5 Bc5 13. Bxf7+ Kf8 14. Rd1 $18) 12. Bxf7+ Ke7 13. Qc4 h6 $2 (13... Ra5) 14. Bxf6+ gxf6 $2 (14... Kxf6 15. O-O-O a3) 15. Bd5 {[%emt 0:00:18][%cal Of3h4] [#] Strongly threatening Nh4!.} Bd7 (15... Qb6 $142 16. Nh4 Kd8) 16. e4 (16. Nh4 $142 {White threatens Ng6+ and mate.} Rh7 17. Rd1) 16... Qb6 $18 17. Qe2 Nb4 {[%emt 0:00:09] And now ...Nxd5 would win.} 18. Bc4 {[%emt 0:01:02] White has a decisive advantage.} Bxb5 19. Bxb5 Nc2+ 20. Qxc2 Qxb5 21. Qe2 {[%emt 0:00:08] Black got outplayed after the opening.   Weighted Error Value: White=0.97/Black=1.00  Mistake:       	White=2     	Black=6      Inaccurate:     	White=1     	---        OK:         	White=2     	Black=5      Best:        	White=2     	Black=1} (21. O-O-O $18) 1/2-1/2

[Event "25th Nepal Championship 2025"]
[Site "Hetauda"]
[Date "2025.01.29"]
[Round "7.2"]
[White "Tandukar, Nabin"]
[Black "Rai, Dhiren"]
[Result "0-1"]
[Annotator "TA"]
[ECO "B77"]
[WhiteElo "1920"]
[BlackElo "1878"]
[PlyCount "154"]
[EventDate "2025.01.24"]
[EventType "tourn"]
[EventCountry "NEP"]
[SourceTitle "playchess.com"]
[Source "ChessBase"]
[SourceQuality "1"]
[TimeControl "5400+30"]

1. e4 c5 2. Nf3 Nc6 3. d4 cxd4 4. Nxd4 d6 5. Bc4 g6 6. Nc3 Bg7 7. Be3 Nf6 8. f3 O-O 9. Qd2 e6 10. O-O-O {[%emt 0:00:11] B77: Sicilian Dragon: Yugoslav Attack, 9 Bc4 sidelines.} d5 11. exd5 Nxd5 12. Nxd5 {[%emt 0:02:28] White is better.} exd5 13. Bb3 Na5 14. Bh6 Nc4 $146 (14... Bxh6 $14 15. Qxh6 Nxb3+ 16. Nxb3 (16. axb3 a5 $14) 16... Re8) (14... Nxb3+ 15. Nxb3 Be6 16. h4 Qf6 17. Bxg7 Kxg7 18. h5 g5 19. Nd4 h6 20. Rhe1 Rfe8 {1-0 Krivoborodov,E (2503)-Blechzin,I (2446) Schwarzach op 27th 2012 (7)}) 15. Bxc4 $16 dxc4 16. Bxg7 Kxg7 17. h4 h6 18. g4 Qc7 19. g5 h5 20. Nb5 Qc5 21. Nd6 (21. Qc3+ $142 $1 Kg8 22. Nd6) 21... c3 22. Qxc3+ {[%emt 0:04:09] White attacks} (22. bxc3 Qa3+ 23. Kb1 Be6 $11) 22... Qxc3 23. bxc3 Be6 24. Kb2 b5 25. Rd4 (25. Nxb5 $2 Rfb8 26. a4 a6 $19) 25... Rfb8 26. Re1 Rb6 27. Re5 Rab8 28. Ne4 Rc6 29. Rc5 Rxc5 30. Nxc5 $14 {[%emt 0:00:03][%mdl 4096] Endgame KRB-KRN. White is a pawn up.} Bf5 31. Ne4 Kf8 32. Nf6 Ke7 33. Kc1 Rc8 34. Kd2 Be6 35. a3 Rc5 36. f4 Rc6 37. a4 (37. Ng8+ $1 $14 Ke8 38. Nf6+ Kf8 39. Nd5) 37... bxa4 $11 38. Rxa4 a6 39. Rb4 (39. Kd3 $16) 39... Rc4 (39... a5 $11 40. Rd4 Rd6) 40. Kd3 $16 Rc7 41. Kd4 Rc6 $2 (41... a5 $16 42. Ra4 Ra7) 42. c4 $18 a5 43. Rb7+ Kd8 44. c5 Ra6 45. Rb6 $1 Ra7 46. c4 $2 (46. f5 $1 $18 {[%cal Rf5e6] and the rest is easy.} Bxf5 47. c6) 46... a4 $16 47. Nd5 a3 48. Rb1 (48. c6 $2 a2 49. Rb8+ Bc8 $19) 48... Kd7 49. Ra1 $1 Ra5 50. Ra2 Bf5 51. Nc3 {[%emt 0:00:24] and Nb5 should not be overlooked} Be6 $1 52. Nd5 Ra7 (52... Bf5 $11) 53. Nb4 Ra4 (53... Ra5 $16 {is a better defense.}) 54. Kc3 $1 $18 Ra5 55. Rd2+ $2 ({Better is} 55. Nd3 $1 $18 ) 55... Kc7 $11 56. Kb3 Kb7 57. c6+ Kb6 58. Re2 Ra8 59. Re5 Kc7 60. Re2 Kd6 61. Ra2 Kc5 62. Rxa3 $2 (62. Nd3+ $1 $11 {and White is okay.} Kxc6 63. Kb4) 62... Bxc4+ $19 63. Kb2 Rb8 64. c7 Rxb4+ {[%emt 0:00:16] KRB-KR} 65. Kc3 Be6 66. Ra5+ Rb5 67. Ra8 {[%emt 0:00:38] [#]} Rb3+ $2 (67... Kd5 $1 $19 {is more deadly. And now ...Rc5+ would win.} 68. c8=Q Bxc8 69. Rxc8 Ke4 70. Re8+ Kxf4) 68. Kc2 $2 {[%emt 0:00:44][%mdl 8192] [#]} (68. Kd2 $17) 68... Rf3 $1 69. Ra6 $2 (69. f5 Bxf5+ 70. Kd2) 69... Bf5+ {[%emt 0:07:52] Black is clearly winning.} (69... Rxf4 $2 {too greedy.} 70. Rxe6 fxe6 71. c8=Q+ $18 (71. c8=R+ Kd4 $17)) 70. Kd2 Rd3+ ({Worse is} 70... Rxf4 71. Ra5+ Kd6 72. Rxf5 $11) 71. Ke2 Rc3 72. Rf6 Kd5 73. Rxf7 Kd6 74. Kd2 Rxc7 75. Rf6+ Kd5 76. Ke3 Rc3+ 77. Kf2 Ke4 {[%emt 0:00:17] A wild game.   Weighted Error Value: White=0.16 (very precise) /Black=0.19 (very precise)   Loses game:     	White=2     	Black=1      Missed win:     	White=2     	Black=1      Mistake:       	White=4     	Black=4      Inaccurate:     	White=2     	Black=3      OK:         	White=14    	Black=17     Best:        	White=9     	Black=12     Strong:       	White=3     	Black=2} 0-1

[Event "25th Nepal Championship 2025"]
[Site "Hetauda"]
[Date "2025.01.29"]
[Round "7.3"]
[White "Rajbhandari, Rijendra"]
[Black "Subedi, Rajan"]
[Result "0-1"]
[Annotator "TA"]
[ECO "A13"]
[WhiteElo "2016"]
[BlackElo "1982"]
[PlyCount "61"]
[EventDate "2025.01.24"]
[EventType "tourn"]
[EventCountry "NEP"]
[SourceTitle "playchess.com"]
[Source "ChessBase"]
[SourceQuality "1"]
[TimeControl "5400+30"]

1. d4 Nf6 2. c4 e6 3. g3 d5 4. Nf3 b6 5. Bg2 Bb7 6. cxd5 Bxd5 7. Nc3 Bb7 8. O-O Be7 {[%emt 0:00:13] A13: English Opening: 1...e6.} 9. Qc2 O-O 10. Rd1 Nbd7 {[%emt 0:02:10] White is slightly better.} 11. e4 Qc8 12. Bf4 (12. e5 {is more complex.} Nd5 13. Nxd5 Bxd5 14. Ng5) 12... Nh5 13. Be3 c5 $146 ({Black should try} 13... Nhf6 $14) (13... Nhf6 14. Rac1 c5 15. d5 exd5 16. exd5 Bd6 17. Bh3 Ba6 18. Bg5 Qc7 19. Qa4 Bc8 {1-0 Bagri,J (2146)-Breggia Bicchiere,A (1514) Davos Summer op 21st 2022 (1)}) 14. d5 $16 {[%emt 0:03:20] White plays in the center} exd5 (14... Nhf6 $16) 15. Nxd5 $18 Bd8 16. e5 {[%emt 0:10:42] Wards off Nhf6} g6 17. Bh3 Bc6 $2 (17... Re8 $16) 18. e6 $1 fxe6 (18... Qb7 19. exf7+ Rxf7) 19. Bxe6+ Kg7 20. Ne5 (20. Qc3+ Nhf6 21. Ng5) 20... Nxe5 21. Bxc8 Nf3+ 22. Kg2 Rxc8 23. Qc3+ Bf6 {[%emt 0:02:22] [#]} 24. Nxf6 Nxf6 25. Rd6 {[%emt 0:01:10][%cal Od6c6] Rxc6! is the strong threat.} Ba8 {[%emt 0:11:28] [#]} (25... Nd4+ $142 26. Rxc6 Nxc6) 26. Bh6+ $4 Kxh6 $19 27. Kf1 $2 {[%emt 0:04:39] White is weak on the light squares} (27. h4 Rce8 (27... Nxh4+ 28. Kh3 $14) 28. Rxf6 Nd4+ (28... Nxh4+ $2 {loses.} 29. Kh3 $18) 29. Kh3 Rxf6 30. Re1) 27... Nxh2+ {[%emt 0:02:13] Black is clearly winning. A dynamic duo of knights.} 28. Ke1 Nf3+ 29. Kd1 Nd4 30. g4 Kg7 {[%emt 0:00:20][%cal Of6e4] ...Ne4! would now be deadly.} 31. g5 {[%emt 0:00:58] Never resign too early!   Weighted Error Value: White=0.76/Black=0.50  Loses game:     	---       	Black=1      Missed win:     	White=1     	---        Mistake:       	White=1     	Black=4      Inaccurate:     	White=1     	---        OK:         	White=8     	Black=4      Best:        	White=1     	Black=3      Strong:       	White=1     	---} 0-1

[Event "25th Nepal Championship 2025"]
[Site "Hetauda"]
[Date "2025.01.29"]
[Round "7.4"]
[White "Phuyal, Aashish"]
[Black "Bhandari, Kshitiz"]
[Result "1/2-1/2"]
[Annotator "TA"]
[ECO "C95"]
[WhiteElo "1981"]
[BlackElo "2070"]
[PlyCount "46"]
[EventDate "2025.01.24"]
[EventType "tourn"]
[EventCountry "NEP"]
[SourceTitle "playchess.com"]
[Source "ChessBase"]
[SourceQuality "1"]
[TimeControl "5400+30"]

1. e4 e5 2. Nf3 Nc6 3. Bb5 a6 4. Ba4 Nf6 5. O-O Be7 6. Re1 b5 7. Bb3 d6 8. c3 Nb8 9. h3 Nbd7 10. d4 O-O 11. Nbd2 h6 {[%emt 0:00:37] C95: Closed Ruy Lopez: Breyer Variation with 10 d4.} 12. a4 Bb7 13. Bc2 c5 {[%emt 0:00:11] White is slightly better.} 14. d5 c4 $146 (14... Nh7 15. Nf1 Nb6 16. a5 Nc4 17. b4 Rc8 18. Ng3 Ng5 19. Nd2 cxb4 20. cxb4 Nxd2 21. Bxd2 {0-1 Cervenka,R (2230)-Ryska,J (2195) Moravia-ch8 corr9800 1998 (47)}) 15. Nf1 Re8 16. Be3 Bf8 17. axb5 axb5 18. Rxa8 Qxa8 19. Qa1 g6 20. Ng3 Kg7 21. Qb1 Kg8 (21... Qa5 $11) 22. Qa1 Kg7 23. Qb1 Kg8 {[%emt 0:00:03] Weighted Error Value: White=0.17 (very precise) /Black=0.15 (very precise)   Mistake:       	---       	Black=1      Inaccurate:     	White=2     	Black=1      OK:         	White=3     	Black=6} 1/2-1/2

[Event "25th Nepal Championship 2025"]
[Site "Hetauda"]
[Date "2025.01.29"]
[Round "7.5"]
[White "Thapa, Binay"]
[Black "Maharjan, Suroj"]
[Result "0-1"]
[Annotator "TA"]
[ECO "D02"]
[WhiteElo "1688"]
[BlackElo "1952"]
[PlyCount "91"]
[EventDate "2025.01.24"]
[EventType "tourn"]
[EventCountry "NEP"]
[SourceTitle "playchess.com"]
[Source "ChessBase"]
[SourceQuality "1"]
[TimeControl "5400+30"]

1. Nf3 d5 2. d4 Bf5 3. Bf4 e6 4. e3 Nd7 5. Bd3 Bxd3 6. Qxd3 {[%emt 0:00:07] D02: 1 d4 d5 2 Nf3 sidelines, including 2...Nf6 3 g3 and 2...Nf6 3 Bf4.} c5 7. c3 c4 8. Qc2 {[%emt 0:00:16] The position is equal.} Ngf6 9. Nbd2 b5 10. a3 a5 $146 (10... Be7 11. O-O O-O 12. e4 Re8 13. e5 Nh5 14. Be3 g6 15. a4 a6 16. Ra2 Qc7 {0-1 Trasakova,A (1393)-Voriskova,A (1080) CZE-ch U12 Girls 2017 (8)}) 11. O-O b4 (11... a4 $11) 12. e4 (12. axb4 $16 {Black must now prevent Qa4.} axb4 13. Rxa8 Qxa8 14. b3) 12... b3 $11 13. Qb1 Be7 14. exd5 exd5 15. Re1 O-O 16. Qf5 Re8 17. Ne5 Nxe5 18. Bxe5 Qd7 19. Qf3 Ra6 20. Re2 Re6 21. Rae1 h6 (21... g6 {seems wilder.} 22. Qh3 Bd8 23. Nf1 Ne4) 22. Qg3 Bf8 23. f3 Qa7 (23... g6 $15) 24. Kf1 Nd7 25. Nb1 $2 {[%emt 0:01:24] [#]} (25. f4 $1 $11 {and White has nothing to worry.}) 25... Kh7 $2 (25... Nb6 $1 $19 {Threatens to win with ...Na4.} 26. Qf2 Qd7) 26. Bf4 (26. f4 $15) 26... Rxe2 27. Rxe2 Rxe2 28. Kxe2 Qa6 $36 {[%emt 0:00:49][%mdl 2048] Keeping White busy.} 29. Qf2 $2 (29. Qg4 $17 Qc6 30. Kd1) 29... Qg6 $19 {[%emt 0:00:53] [#]} 30. Nd2 Qc2 31. Qe3 Nf6 {[%emt 0:00:00] Prevents Qe8.} 32. Qe5 (32. Qg1 $142 Qxb2 33. Qb1+ Qc2 (33... Qxb1 $2 34. Nxb1 g5 35. Be5 $19) 34. a4) 32... Qxb2 33. Qf5+ Kg8 34. Bxh6 Qxc3 35. Bg5 Qxd4 36. Bxf6 gxf6 {[%emt 0:00:00][%mdl 4096] Endgame KQB-KQN. Black is two pawns up.} 37. Qh3 b2 38. Qg3+ Kh7 {[%emt 0:00:00] ( -> ...Qd3+)} 39. Qh3+ Bh6 40. Qf5+ Kg7 41. Nb1 Qe3+ 42. Kf1 d4 (42... c3 $142 43. Nxc3 Qxc3 44. f4 Qc1+ (44... Qxa3 $2 45. Qg4+ Kh8 46. Qc8+ Bf8 47. Qf5 $19) 45. Ke2 b1=Q (45... b1=B $2 46. Qg4+ Bg6 47. Kf3 $19) 46. Qxb1 Qxb1 47. g3 Qe4+ 48. Kd2 d4 49. h4 Qe3+ 50. Kc2 Qc3+ (50... Qxg3 {is a self mate.} 51. h5 Qc3+ 52. Kb1 Qb3+ 53. Ka1 d3 54. a4 d2 55. f5 d1=Q#) 51. Kb1 d3 (51... Qxa3 52. g4 d3 53. g5 Qb3+ 54. Ka1 d2 55. gxh6+ Kxh6 56. f5 d1=Q#) 52. a4 Qc2+ (52... d2 $2 53. h5 d1=Q+ 54. Ka2 Qdc2#) 53. Ka1 d2 54. h5 d1=Q#) 43. Qe4 Qxe4 {[%emt 0:00:00] Black mates.} 44. fxe4 c3 45. Ke2 c2 46. Ke1 {Weighted Error Value: White=1.12/Black=0.21 (precise)   Loses game:     	White=2     	---        Mistake:       	White=3     	Black=3      Inaccurate:     	White=2     	Black=1      OK:         	White=8     	Black=7      Best:        	---       	Black=1} 0-1

[Event "25th Nepal Championship 2025"]
[Site "Hetauda"]
[Date "2025.01.29"]
[Round "7.6"]
[White "Dahal, Sushrut"]
[Black "Maharjan, Prem Krishna"]
[Result "1-0"]
[Annotator "TA"]
[ECO "D00"]
[WhiteElo "2021"]
[BlackElo "1882"]
[PlyCount "57"]
[EventDate "2025.01.24"]
[EventType "tourn"]
[EventCountry "NEP"]
[SourceTitle "playchess.com"]
[Source "ChessBase"]
[SourceQuality "1"]
[TimeControl "5400+30"]

1. d4 d5 2. Nc3 Bf5 3. Bf4 e6 4. f3 Bd6 5. Bxd6 Qxd6 6. e4 dxe4 7. fxe4 Bg6 8. Nf3 {[%emt 0:02:58] White has an edge.} Nd7 9. Qd2 a6 10. O-O-O Ne7 11. h4 {[%emt 0:02:40] And now h5 would win.} Bh5 12. Qg5 Bxf3 13. gxf3 h6 14. Qe3 (14. Qxg7 $2 {loses.} Qf4+ 15. Kb1 Rg8 $19) 14... Nb6 15. e5 Qc6 16. Qe4 O-O-O 17. Rg1 g6 18. Bh3 Nbd5 19. Nxd5 Nxd5 (19... Qxd5 {simplifies} 20. Qxd5 Nxd5 21. c3 c6) 20. Bg2 Qc4 21. Kb1 Nb4 22. b3 Qc3 23. a3 Nd5 24. Rd3 {[%emt 0:00:00][%cal Oe4d5,Bd1d3,Bd3c3,Bc3c7][%mdl 32] Prevents Ne3. Qxd5! is the strong threat.} Qa5 25. Kb2 g5 (25... Kb8 $11 {keeps the balance.}) 26. f4 $1 $16 Nxf4 (26... Rdg8 $16 {was worth a try.}) 27. Qxb7+ $18 Kd7 {[%emt 0:00:00] [#]} 28. Rc3 {[%emt 0:00:00][%cal Oc3c7] White threatens Rxc7+! and mate.} Qb6 {[%emt 0:00:00] [#]} (28... Rb8 $18 29. Qc6+ Kd8) 29. Rxc7+ $3 {[%emt 0:00:00][%mdl 512] Weighted Error Value: White=0.07 (flawless) /Black=0.52.  Mistake:       	---       	Black=3      Inaccurate:     	White=1     	Black=1      OK:         	White=8     	Black=8      Best:        	White=2     	Black=1      Strong:       	White=1     	---        Brilliant:      	White=1     	---} 1-0

[Event "25th Nepal Championship 2025"]
[Site "Hetauda"]
[Date "2025.01.30"]
[Round "8.1"]
[White "Silwal, Purushottam"]
[Black "Maharjan, Prem Krishna"]
[Result "1-0"]
[Annotator "TA"]
[ECO "C81"]
[WhiteElo "2045"]
[BlackElo "1882"]
[PlyCount "116"]
[EventDate "2025.01.24"]
[EventType "tourn"]
[EventCountry "NEP"]
[SourceTitle "playchess.com"]
[Source "ChessBase"]
[SourceQuality "1"]
[TimeControl "5400+30"]

1. e4 e5 2. Nf3 Nc6 3. Bb5 a6 4. Ba4 Nf6 5. O-O Nxe4 6. d4 b5 7. Bb3 d5 8. dxe5 Be6 9. Qe2 Be7 10. Rd1 O-O 11. c3 f5 12. exf6 Bxf6 13. Be3 ({Don't go for} 13. Qxe4 $2 dxe4 14. Bxe6+ Kh8 15. Rxd8 Raxd8 $19) 13... Na5 {[%emt 0:05:57] The position is equal.} 14. Bc2 {[%emt 0:04:41][%cal Bb3c2,Bc2e4,Be4d3][%mdl 32] [#] Hoping for Bxe4.} Qe7 15. Nbd2 Bg4 (15... Bf5 $11) 16. Qd3 $16 c6 17. Nxe4 dxe4 18. Qxe4 Qxe4 19. Bxe4 Rae8 20. Bd3 Be7 21. Re1 Bxf3 22. gxf3 Rd8 23. Rad1 c5 24. b4 Rxd3 $2 {[%emt 0:11:57] A mistake that costs the game.} (24... Nc4 $16) 25. Rxd3 $18 cxb4 26. cxb4 Bxb4 27. Bd2 Bxd2 28. Rxd2 {[%emt 0:00:41][%mdl 4096] Endgame. KRR-KRN} Rf6 29. Re7 h5 30. Rd5 Rg6+ 31. Kf1 Nc6 32. Re4 b4 33. Rxh5 a5 34. Rc4 Rd6 35. Rhc5 Nd4 36. Rxa5 b3 37. axb3 Nxb3 38. Ra8+ Kf7 39. Rg4 {[%emt 0:00:07] Strongly threatening Ra7+.} g6 40. Ra7+ Kf6 41. Kg2 Nd4 42. Re4 Nf5 43. h4 Rc6 44. Rg4 Rd6 45. Kh3 Nh6 46. Rg2 (46. Rga4 $142 Nf5 47. R4a6) 46... Rc6 (46... Nf7 $142 47. Rg4 Nd8 48. Rf4+ Ke6) 47. Rg1 Nf7 48. Rga1 Rc4 49. R1a6+ {[%emt 0:00:21] White mates.} Kg7 50. Re6 Rf4 51. Kg3 Rf5 52. Ree7 Kg8 {[%emt 0:01:07] [#]} 53. Rxf7 $1 Rxf7 54. Rxf7 Kxf7 {[%emt 0:00:07] KP-KP} 55. Kg4 Kg8 56. Kg5 Kg7 57. f4 Kf7 58. f5 Ke8 {[%emt 0:12:50] Weighted Error Value: White=0.18 (very precise) /Black=0.37.  Loses game:     	---       	Black=1      Mistake:       	---       	Black=1      Inaccurate:     	White=1     	Black=5      OK:         	White=13    	Black=7      Best:        	White=1     	Black=1} 1-0

[Event "25th Nepal Championship 2025"]
[Site "Hetauda"]
[Date "2025.01.30"]
[Round "8.2"]
[White "Maharjan, Suroj"]
[Black "Dahal, Sushrut"]
[Result "1/2-1/2"]
[Annotator "TA"]
[ECO "B20"]
[WhiteElo "1952"]
[BlackElo "2021"]
[PlyCount "49"]
[EventDate "2025.01.24"]
[EventType "tourn"]
[EventCountry "NEP"]
[SourceTitle "playchess.com"]
[Source "ChessBase"]
[SourceQuality "1"]
[TimeControl "5400+30"]

1. e4 c5 2. a3 e6 3. b4 cxb4 4. axb4 Nf6 5. e5 Nd5 6. c3 {[%emt 0:01:01] B20: Sicilian: Unusual White 2nd moves.} d6 7. Nf3 Nd7 $146 (7... dxe5 8. Nxe5 Bd6 9. Bb5+ Nd7 10. Nxd7 Bxd7 11. Bxd7+ Qxd7 12. O-O O-O 13. d4 Qc7 {1-0 Medvedyk,V (1957)-Ivanov,T (1831) Lvov Ukrainian Chess Warriors rapid 2024 (8)}) 8. Bb5 Be7 9. d4 Qc7 10. Qb3 ({White should try} 10. exd6 $11 Bxd6 11. Bd2) 10... dxe5 $15 11. Nxe5 O-O 12. Bxd7 Bxd7 13. O-O Rfc8 {[%emt 0:06:05] ...Bb5 is the strong threat.} 14. Bd2 Bb5 15. Re1 Bd6 16. Na3 a6 (16... Nxc3 $2 {too greedy.} 17. Bxc3 Be8 18. Rac1 $18) 17. Rac1 {[%emt 0:06:56] [#] and c4 should not be overlooked} Nb6 (17... Bxe5 $15 18. Rxe5 Bc4) 18. h3 (18. c4 $142 Ba4 (18... Bxe5 19. Rxe5 Bc6 20. Qg3 $14) 19. Qf3) 18... Nc4 19. Nxb5 axb5 20. Nxc4 bxc4 (20... Qxc4 {simplifies} 21. Qxc4 bxc4 22. g3 Kf8) 21. Qc2 Qc6 22. Ra1 h6 23. Qd1 b5 24. Qg4 Kf8 25. Qe4 $2 {[%emt 0:01:00][%mdl 40960] Weighted Error Value: White=0.15 (very precise) /Black=0.14 (very precise)  An unexpected result.  Loses game:     	White=1     	---        Mistake:       	White=2     	Black=1      Inaccurate:     	White=3     	Black=1      OK:         	White=6     	Black=4      Best:        	---       	Black=1} (25. Bf4 $11) 1/2-1/2